 Dungeon Sprint DCSS version 0.21-a0-39-g28ea6b7 (webtiles) character file.

24140 PhlogistonFlux the Demonic Aeon (level 12, -5/100 HPs)
             Began as a Demonspawn Fighter on May 30, 2017.
             Was the Champion of Cheibriados.
             Slain by a frost giant
             ... wielding a +2 battleaxe of freezing
              (9 damage)
             ... in the Dungeon (Sprint IX: "|||||||||||||||||||||||||||||").
             The game lasted 00:04:52 (2965 turns).

PhlogistonFlux the Demonic Aeon (DsFi)              Turns: 2965, Time: 00:04:53

Health: -5/100     AC: 30    Str: 39    XL:     12   Next: 78%
Magic:  27/27      EV: 16    Int: 28    God:    Cheibriados [******]
Gold:   879        SH: 24    Dex: 28    Spells: 11/11 levels left

rFire    . . .     SeeInvis .   D - +1 demon whip
rCold    . . .     Gourm    .   F - +1 large shield
rNeg     . . .     Faith    .   E - +4 plate armour of Roceof {Str+4 Int+2}
rPois    +         Spirit   .   A - +0 helmet
rElec    .         Reflect  .   p - +0 cloak
rCorr    .         Harm     .   (no gloves)
MR       .....     NoTele   +   y - +0 pair of boots
Stlth    ..........             (no amulet)
Regen    0.3/turn               o - ring of poison resistance
MPRegen  0.2/turn               t - +6 ring of evasion

@: very slow
A: claws 2, iridescent scales 3, powered by death 1, augmentation 1, rot
immunity
a: Bend Time, Temporal Distortion, Slouch, Step From Time, Renounce Religion


You were in the Dungeon.
You worshipped Cheibriados.
Cheibriados was exalted by your worship.
You were not hungry.

You visited 1 branch You collected 1927 gold pieces.
You spent 1048 gold pieces at shops.

Inventory:

Hand Weapons
 B - a +2 whip of freezing
 D - a +1 demon whip (weapon)
Armour
 p - a +0 cloak (worn)
 y - a +0 pair of boots (worn)
 A - a +0 helmet (worn)
 E - the +4 plate armour of Roceof (worn) {Str+4 Int+2}
   (You found it in the Dungeon)

   It affects your strength (+4).
   It affects your intelligence (+2).
 F - a +1 large shield (worn)
Jewellery
 a - an uncursed ring of fire
 o - a ring of poison resistance (left claw)
 r - a +3 ring of dexterity
 t - a +6 ring of evasion (right claw)
 C - an uncursed ring of fire
Wands
 n - a wand of lightning (0/15)
Scrolls
 k - 3 scrolls of blinking
 l - 3 scrolls of remove curse
 m - 2 scrolls of amnesia
 s - 2 scrolls of enchant weapon
 v - 6 scrolls of fear
 w - a scroll of recharging
 G - a scroll of fog
Potions
 b - a potion of agility
 c - a potion of might
 d - 2 potions of brilliance
 e - 6 potions of curing
 g - 7 potions of heal wounds
 h - a potion of haste
 i - 4 potions of magic
 j - 2 potions of invisibility
 q - a potion of mutation
Books
 u - a book of Clouds

   Spells                             Type                      Level
   a - Poisonous Vapours              Poison/Air                   2
   b - Mephitic Cloud                 Conjuration/Poison/Air       3
   c - Conjure Flame                  Conjuration/Fire             3
   d - Freezing Cloud                 Conjuration/Ice/Air          6
   e - Ring of Flames                 Charms/Fire                  7
Comestibles
 f - 12 bread rations
 x - 40 fruits
 z - 12 meat rations


   Skills:
 + Level 11.1 Fighting
 + Level 14.9 Maces & Flails
 + Level 12.6 Armour
 + Level 4.0 Dodging
 + Level 11.6 Shields
 * Level 23.7 Invocations


You had 11 spell levels left.
You didn't know any spells.

Dungeon Overview and Level Annotations

Branches:
Dungeon (1/1)

Altars:
Cheibriados
Dithmenos
Elyvilon
Fedhas
Gozag
Hepliaklqana
Kikubaaqudgha
Makhleb
Nemelex Xobeh
Okawaru
Qazlal
Ru
Sif Muna
Trog
Uskayaw
Vehumet
Wu Jian
Xom
Yredelemnul
Zin
The Shining One
Beogh
Jiyva
Lugonu

Shops:
D }([=


Innate Abilities, Weirdness & Mutations

You have very sharp fingernails.
You are completely covered in iridescent scales. (AC +6)
You regenerate a little health from kills.
Your magical and physical power is slightly enhanced at high health.
You are immune to rotting.


Message History

The frost giant casts a spell at you. The bolt of cold hits you!
Ouch! That really hurt!
* * * LOW HITPOINT WARNING * * *
You are too injured to fight recklessly!
You are too injured to fight recklessly!
You are too injured to fight recklessly!
You are too injured to fight recklessly!
You are too injured to fight recklessly!
You are too injured to fight recklessly!
You are too injured to fight recklessly!
You are too injured to fight recklessly!
You are too injured to fight recklessly!
Unknown command.
You hit the frost giant but do no damage.
The frost giant is severely wounded.
The frost giant hits you with a battleaxe of freezing!!
* * * LOW HITPOINT WARNING * * *
The frost giant freezes you!
You die...

....'..[[[...'()..........†......
.▓▓▓▓▓▓▓▓▓▓▓▓▓▓▓▓▓▓▓▓▓▓▓▓▓▓▓▓▓▓▓▓
..........).................((((.
▓▓▓▓▓▓▓▓▓▓▓▓▓▓▓▓▓▓▓▓▓▓▓▓▓▓▓▓▓▓▓▓▓
.........'.....∩.∩(∩[∩)....[.....
.▓▓▓▓▓▓▓▓▓▓▓▓▓▓▓▓▓▓▓▓▓▓▓▓▓▓▓▓▓▓▓▓
.................................
▓▓▓▓▓▓▓▓▓▓▓▓▓▓▓▓▓▓▓▓▓▓▓▓▓▓▓▓▓▓▓▓▓
+....QC@.....)))÷(......
▓▓▓▓▓▓▓▓▓▓▓▓▓▓▓▓▓▓▓▓▓▓▓▓


You could see a frost giant and a tengu warrior.

Vanquished Creatures
  2 very ugly things (D)
  A stone giant (D)
  A spark wasp (D)
  2 ettins (D)
  An ice dragon (D)
  2 hydras (D)
  2 centaur warriors (D)
  A two-headed ogre (D)
  2 ogre magi (D)
  A deep troll earth mage (D)
  Urug (D)
  An iron troll (D)
  An unseen horror (D)
  4 deep trolls (D)
  5 orc knights (D)
  2 elephants (D)
  A manticore (D)
  5 spiny frogs (D)
  A komodo dragon (D)
  3 trolls (D)
  A slime creature (D)
  A tyrant leech (D)
  A blink frog (D)
  A hippogriff (D)
  Eustachio (D)
  A vampire mosquito (D)
  A hungry ghost (D)
  3 water moccasins (D)
  9 orc warriors (D)
  A porcupine (D)
  An ice beast (D)
  A phantom (D)
  A wolf (D)
  3 crocodiles (D)
  A big kobold (D)
  9 bullfrogs (D)
  2 crimson imps (D)
  4 orc priests (D)
  A hound (D)
  3 orc wizards (D)
  An adder (D)
  A leopard gecko (D)
  6 orcs (D)
  A bat (D)
  A bat skeleton (D)
  A jackal (D)
  A quokka (D)
  A frilled lizard (D)
  A kobold (D)
  A quokka zombie (D)
  A rat (D)
101 creatures vanquished.

Notes
Turn   | Place    | Note
-------+----------+-------------------------------------------
     0 | D        | PhlogistonFlux the Demonspawn Fighter began the quest for the Orb.
     0 | D        | Reached XP level 1. HP: 18/18 MP: 1/1
    48 | D        | Noticed a crimson imp
    48 | D        | Noticed a hound
    53 | D        | Gained mutation: You have sharp fingernails. [demonic ancestry]
    53 | D        | Reached XP level 2. HP: 24/24 MP: 2/2
    61 | D        | Reached XP level 3. HP: 29/29 MP: 3/3
    70 | D        | Gained mutation: You are partially covered in iridescent scales. (AC +2) [demonic ancestry]
    70 | D        | Reached XP level 4. HP: 32/35 MP: 4/4
   100 | D        | Found a roughly hewn altar of Beogh.
   100 | D        | Found a snail-covered altar of Cheibriados.
   100 | D        | Found a shadowy altar of Dithmenos.
   100 | D        | Found a white marble altar of Elyvilon.
   100 | D        | Found a blossoming altar of Fedhas.
   100 | D        | Found an opulent altar of Gozag.
   101 | D        | Found a hazy altar of Hepliaklqana.
   102 | D        | Found a viscous altar of Jiyva.
   103 | D        | Found an ancient bone altar of Kikubaaqudgha.
   104 | D        | Became a worshipper of Cheibriados the Contemplative
   105 | D        | Found a corrupted altar of Lugonu.
   106 | D        | Found a burning altar of Makhleb.
   107 | D        | Found a sparkling altar of Nemelex Xobeh.
   108 | D        | Found an iron altar of Okawaru.
   109 | D        | Found a stormy altar of Qazlal.
   110 | D        | Found a sacrificial altar of Ru.
   111 | D        | Found a deep blue altar of Sif Muna.
   112 | D        | Found a bloodstained altar of Trog.
   113 | D        | Found a hide-covered altar of Uskayaw.
   114 | D        | Found a radiant altar of Vehumet.
   115 | D        | Found an ornate altar of the Wu Jian Council.
   116 | D        | Found a shimmering altar of Xom.
   117 | D        | Found a basalt altar of Yredelemnul.
   118 | D        | Found a glowing silver altar of Zin.
   119 | D        | Found a glowing golden altar of the Shining One.
   169 | D        | Noticed an orc warrior
   169 | D        | Noticed a hippogriff
   169 | D        | Noticed a big kobold
   169 | D        | Noticed an ice beast
   169 | D        | Noticed a phantom
   173 | D        | Killed a big kobold
   173 | D        | Reached * piety under Cheibriados
   173 | D        | Reached skill level 3 in Invocations
   173 | D        | Gained mutation: You regenerate a little health from kills. [demonic ancestry]
   173 | D        | Reached XP level 5. HP: 42/42 MP: 4/7
   176 | D        | Killed an ice beast
   176 | D        | Reached skill level 4 in Invocations
   183 | D        | Killed a hippogriff
   183 | D        | Reached ** piety under Cheibriados
   183 | D        | Reached skill level 5 in Fighting
   183 | D        | Reached skill level 5 in Armour
   183 | D        | Reached skill level 5 in Shields
   183 | D        | Reached skill level 6 in Invocations
   183 | D        | Gained mutation: You are immune to rotting. [demonic ancestry]
   183 | D        | Reached XP level 6. HP: 6/51 MP: 5/10
   186 | D        | Killed an orc warrior
   186 | D        | Reached skill level 7 in Invocations
   207 | D        | Reached skill level 1 in Dodging
   207 | D        | Reached XP level 7. HP: 35/58 MP: 8/12
   325 | D        | Noticed a slime creature
   325 | D        | Noticed a four-headed hydra
   326 | D        | Reached *** piety under Cheibriados
   331 | D        | Killed a four-headed hydra
   331 | D        | Reached skill level 9 in Invocations
   331 | D        | Gained mutation: You have very sharp fingernails. [demonic ancestry]
   331 | D        | Reached XP level 8. HP: 59/67 MP: 12/15
   337 | D        | Reached **** piety under Cheibriados
   352 | D        | Killed an unseen horror
   352 | D        | Reached ***** piety under Cheibriados
   352 | D        | Reached skill level 10 in Invocations
   357 | D        | Killed a slime creature
   357 | D        | Reached XP level 9. HP: 16/74 MP: 10/17
   490 | D        | Noticed a spiny frog
   490 | D        | Noticed a komodo dragon
   495 | D        | Reached skill level 11 in Invocations
   498 | D        | Killed a komodo dragon
   500 | D        | Killed a spiny frog
   500 | D        | Reached ****** piety under Cheibriados
   564 | D        | Noticed a spiny frog
   564 | D        | Noticed a spiny frog
   564 | D        | Noticed an elephant
   567 | D        | Noticed an elephant
   568 | D        | Noticed a five-headed hydra
   571 | D        | Killed a spiny frog
   571 | D        | Reached skill level 12 in Invocations
   571 | D        | Killed a spiny frog
   571 | D        | Gained mutation: You are mostly covered in iridescent scales. (AC +4) [demonic ancestry]
   571 | D        | Reached XP level 10. HP: 82/82 MP: 12/19
   575 | D        | Killed an elephant
   575 | D        | Reached skill level 13 in Invocations
   577 | D        | Killed an elephant
   582 | D        | Killed a five-headed hydra
   582 | D        | Reached skill level 10 in Armour
   793 | D        | Noticed a spiny frog
   793 | D        | Noticed a spiny frog
   796 | D        | Reached skill level 14 in Invocations
   819 | D        | Killed a spiny frog
   833 | D        | Killed a spiny frog
   855 | D        | Reached skill level 15 in Invocations
  1231 | D        | Noticed Eustachio
  1242 | D        | Killed Eustachio
  1261 | D        | Noticed Urug
  1278 | D        | Killed Urug
  1703 | D        | Noticed an orc knight
  1716 | D        | Killed an orc knight
  1716 | D        | Gained mutation: Your magical and physical power is slightly enhanced at high health. [demonic ancestry]
  1716 | D        | Reached XP level 11. HP: 61/89 MP: 17/22
  1767 | D        | Noticed an orc knight
  1767 | D        | Noticed an orc knight
  1770 | D        | Noticed an orc knight
  1770 | D        | Reached skill level 16 in Invocations
  1772 | D        | Noticed an orc knight
  1775 | D        | Killed an orc knight
  1775 | D        | Reached skill level 10 in Shields
  1781 | D        | Killed an orc knight
  1785 | D        | Killed an orc knight
  1785 | D        | Reached skill level 17 in Invocations
  1787 | D        | Killed an orc knight
  1916 | D        | Found Miwipne's Jewellery Boutique.
  1916 | D        | Noticed an iron troll
  1916 | D        | Noticed a deep troll
  1916 | D        | Noticed a deep troll
  1916 | D        | Noticed a deep troll
  1916 | D        | Noticed an ettin
  1919 | D        | Noticed an ogre mage
  1920 | D        | Killed an ettin
  1920 | D        | Reached skill level 18 in Invocations
  1922 | D        | Killed a deep troll
  1922 | D        | Killed a deep troll
  1922 | D        | Reached skill level 10 in Fighting
  1922 | D        | Killed an ogre mage
  1922 | D        | Reached skill level 19 in Invocations
  1923 | D        | Killed a deep troll
  1944 | D        | Killed an iron troll
  2267 | D        | Found Qaroukad's Antique Armour Shop.
  2271 | D        | Found Bostyd's Antique Weapon Boutique.
  2273 | D        | Noticed an ogre mage
  2274 | D        | Found Zoarick's Gadget Shop.
  2275 | D        | Noticed a deep troll
  2280 | D        | Killed an ogre mage
  2280 | D        | Reached skill level 20 in Invocations
  2282 | D        | Killed a deep troll
  2284 | D        | Noticed a stone giant
  2285 | D        | Noticed an ettin
  2288 | D        | Gained mutation: You are completely covered in iridescent scales. (AC +6) [demonic ancestry]
  2288 | D        | Reached XP level 12. HP: 46/98 MP: 16/26
  2291 | D        | Killed a stone giant
  2291 | D        | Reached skill level 21 in Invocations
  2291 | D        | Killed an ettin
  2457 | D        | Bought a pair of glowing boots for 142 gold pieces
  2459 | D        | Bought a +6 ring of evasion for 780 gold pieces
  2463 | D        | Bought a glowing whip for 126 gold pieces
  2476 | D        | Identified a +0 pair of boots of running (You bought it in a shop in the Dungeon)
  2604 | D        | Got the +4 plate armour of Roceof {Str+4 Int+2}
  2656 | D        | Noticed a centaur warrior
  2656 | D        | Noticed a centaur warrior
  2664 | D        | Noticed a two-headed ogre
  2664 | D        | Killed a centaur warrior
  2664 | D        | Killed a centaur warrior
  2664 | D        | Reached skill level 22 in Invocations
  2665 | D        | Noticed a spark wasp
  2667 | D        | Noticed a purple very ugly thing
  2670 | D        | Noticed a purple very ugly thing
  2670 | D        | Killed a two-headed ogre
  2676 | D        | Killed a spark wasp
  2677 | D        | Noticed an ice dragon
  2684 | D        | Noticed a deep troll earth mage
  2687 | D        | Killed a green very ugly thing
  2687 | D        | Reached skill level 23 in Invocations
  2691 | D        | Killed a purple very ugly thing
  2701 | D        | Killed an ice dragon
  2703 | D        | Killed a deep troll earth mage
  2952 | D        | Noticed a tengu warrior
  2953 | D        | Noticed a frost giant
  2965 | D        | HP: 4/100 [frost giant/battleaxe of freezing (18)]
  2965 | D        | Slain by a frost giant

Vault maps used:
D:        linesprint

Skill      XL: |  1  2  3  4  5  6  7  8  9 10 11 12 |
---------------+-------------------------------------+-----
Maces & Flails | 4 6 7 8 9 11 12 13 14 | 14.9
Armour         | 3 5 6 7 9 10 11 12 | 12.6
Shields        | 3 5 6 7 8 9 10 11 | 11.6
Invocations    | 3 6 7 9 10 12 15 20 23 | 23.7
Fighting       | 5 6 7 8 9 10 11 | 11.1
Dodging        | 1 2 3 4 |  4.0

Action                   |  1- 3 |  4- 6 |  7- 9 | 10-12 || total
-------------------------+-------+-------+-------+-------++-------
Melee: Flail             |    38 |    23 |    41 |   147 ||   249
       Demon whip        |       |       |       |    49 ||    49
Invok: Slouch            |       |       |     4 |    27 ||    31
Evoke: Wand              |       |     6 |     1 |       ||     7
  Use: Potion            |     1 |     2 |     1 |       ||     4
  Eat: Bread ration      |       |       |       |     1 ||     1
       Chunk             |       |       |       |     2 ||     2
Armor: Scale mail        |    25 |       |       |       ||    25
       Chain mail        |       |    16 |    31 |    29 ||    76
       Plate armour      |       |       |       |    15 ||    15
Dodge: Dodged            |     9 |     9 |     7 |    50 ||    75
Block: Shield            |    13 |    18 |    17 |    80 ||   128
       Large shield      |       |       |       |    32 ||    32
